 Dungeon Crawl Stone Soup version 0.31-a0-441-g867994ef1c (webtiles) character file.

Game seed: 10346814982377659659

983 arthad the Trooper (level 8, -14/52 HPs)
             Began as a Gargoyle Fighter on Aug 2, 2023.
             Demolished by an ogre
             ... wielding a +0 giant club
              (25 damage)
             ... on level 5 of the Dungeon.
             The game lasted 00:07:33 (4186 turns).

arthad the Trooper (Gargoyle Fighter)               Turns: 4186, Time: 00:07:34

Health: -14/52     AC: 17    Str: 28    XL:     8   Next: 17%
Magic:  8/8        EV:  9    Int:  9    God:
Gold:   197        SH:  4    Dex:  9    Spells: 7/7 levels left

rFire   . . .        a - +0 flail
rCold   . . .        c - +0 buckler
rNeg    + . .        b - +0 scale mail
rPois   ∞            E - +1 helmet
rElec   +            f - +0 cloak
rCorr   .            v - +0 pair of gloves
SInv    .            (no boots)
Will    .....        I - amulet of magic regeneration Stlth
                     j - +6 ring of strength
HPRegen 0.28/turn    (no ring)
MPRegen 0.51/turn

%: no passive effects
@: no status effects
A: sickness immunity, AC +5, negative energy resistance 1, electricity
resistance, torment resistance 1, petrification resistance
a: no special abilities


You were on level 5 of the Dungeon.
You visited 1 branch of the dungeon, and saw 5 of its levels.

You collected 197 gold pieces.

Inventory:

Hand Weapons
 a - a +0 flail (weapon)
 g - a +1 vampiric dagger
 x - a +1 whip of draining
 B - a +0 whip of holy wrath
Missiles
 e - a javelin
 s - 9 poisoned darts (quivered)
Armour
 b - a +0 scale mail (worn)
 c - a +0 buckler (worn)
 f - a +0 cloak (worn)
 v - a +0 pair of gloves (worn)
 y - a +3 leather armour of fire resistance
 E - a +1 helmet (worn)
Jewellery
 j - a +6 ring of strength (left hand)
 p - a ring of poison resistance
 I - an amulet of magic regeneration (around neck)
 J - a ring of resist corrosion
Scrolls
 i - a scroll of noise {unknown}
 l - 5 scrolls of identify {unknown}
 n - 2 scrolls of immolation {unknown}
 o - 3 scrolls of teleportation {unknown}
 u - a scroll of amnesia {unknown}
 w - a scroll of summoning {unknown}
 A - a scroll of enchant armour {unknown}
 C - a scroll of blinking {unknown}
 G - a scroll of poison {unknown}
Potions
 d - a potion of might
 h - 3 potions of resistance
 k - 3 potions of heal wounds
 m - a potion of degeneration {unknown}
 q - a potion of lignification {unknown}
 r - a potion of brilliance {unknown}
 t - a potion of curing {unknown}
 z - a potion of enlightenment {unknown}
 D - a potion of attraction {unknown}
 F - a potion of cancellation {unknown}
 H - a potion of haste {unknown}


   Skills:
 * Level 6.7 Fighting
 * Level 5.6 Maces & Flails
 + Level 5.2 Armour
 + Level 5.1 Shields


You had 7 spell levels left.
You didn't know any spells.
Your spell library contained the following spells:

 Spells                   Type           Power      Damage    Failure   Level
 Apportation              Tloc           0%         N/A       69%         1
 Sandblast                Erth           0%         2d4       69%         1
 Passwall                 Tmut/Erth      0%         N/A       83%         2
 Stone Arrow              Conj/Erth      0%         3d7       96%         3
 Alistair's Intoxication  Tmut/Pois      0%         N/A       100%        5


Dungeon Overview and Level Annotations

Branches:
Dungeon (5/15)
 Temple: D:4-7

Altars:


Innate Abilities, Weirdness & Mutations

You are immune to sickness and miasma.
Your stone body is resilient. (AC +5)
You are immune to poison.
You resist negative energy. (rN+)
You are resistant to electric shocks. (rElec)
You are resistant to unholy torment.
You are immune to petrification.


Message History

You kill the adder!
There is an open door, spattered with blood here.
Found a robe.
You see here a +0 robe.
You open the door.
There is an open door here.
Found a stone staircase leading up.
There is an open door here.
There is an open door, spattered with blood here.
You open the door. You open the door.
There is an open door here.
J - a ring of resist corrosion A phantom and an ogre come into view.
The ogre shouts!
There are monsters nearby!
You throw a poisoned dart.
The poisoned dart closely misses the ogre.
You hit the ogre.
The ogre is lightly wounded.
The ogre misses you.
You thump the ogre!
The ogre is heavily wounded.
The ogre hits you with a +0 giant club!!
You sock the ogre!
The ogre is severely wounded.
You hit the ogre.
The ogre is almost dead.
The ogre hits you with a +0 giant club!
You are too injured to fight recklessly!
You are too injured to fight recklessly!
You are too injured to fight recklessly!
You barely miss the ogre.
The ogre is almost dead.
The ogre hits you with a +0 giant club.
* * * LOW HITPOINT WARNING * * *
You hit the ogre but do no damage.
The ogre is almost dead.
The ogre hits you with a +0 giant club!!
You die...

##.†#######.##...........+
##†.# #.##...........# #).###
#.##^..........#
######....####.##...........#
.......##....#...............
############...##############
###..## #...# #.#@# #.#O#
#.#W(.O.# ..###....# #.#
###.W. #. #. #.


You could see an ogre and a phantom.

Vanquished Creatures
  Eustachio (D:4)
  A black bear (D:4)
  A phantom (D:4)
  3 scorpions (D:5)
  2 hounds (D:5)
  2 jellies
  2 orc priests (D:3)
  2 iguanas
  2 orc wizards (D:3)
  Robin (D:4)
  4 adders
  7 gnolls
  3 dart slugs
  9 orcs
  9 bats
  3 endoplasms
  3 giant cockroaches
  19 goblins
  8 hobgoblins
  5 jackals
  2 quokkas (D:1)
  10 ball pythons
  2 frilled lizards
  7 kobolds
  9 rats
117 creatures vanquished.

Notes
Turn   | Place    | Note
-------+----------+-------------------------------------------
     0 | D:1      | arthad the Gargoyle Fighter began the quest for the Orb.
     0 | D:1      | Reached XP level 1. HP: 14/14 MP: 1/1
     2 | D:1      | Noticed a felid
     4 | D:1      | Noticed a troll
     4 | D:1      | Noticed an armataur
     6 | D:1      | Noticed a gargoyle
     9 | D:1      | Noticed an elf
    11 | D:1      | Noticed a vampire
    11 | D:1      | Noticed an octopode
    13 | D:1      | Noticed a naga
    13 | D:1      | Noticed a demonspawn
    15 | D:1      | Noticed a formicid
    15 | D:1      | Noticed a merfolk
    17 | D:1      | Noticed a minotaur
    17 | D:1      | Noticed a meteoran
    20 | D:1      | Noticed a human
    20 | D:1      | Noticed a spriggan
    22 | D:1      | Noticed a vine stalker
    22 | D:1      | Noticed a demigod
    24 | D:1      | Noticed a tengu
    24 | D:1      | Noticed a draconian
    26 | D:1      | Noticed a troll
    26 | D:1      | Noticed a ghoul
    28 | D:1      | Noticed a felid
    28 | D:1      | Noticed an elf
   131 | D:1      | Reached XP level 2. HP: 6/19 MP: 2/2
   392 | D:1      | Reached XP level 3. HP: 24/24 MP: 3/3
   917 | D:2      | Reached skill level 4 in Fighting
   917 | D:2      | Reached XP level 4. HP: 29/29 MP: 4/4
  1684 | D:3      | Reached XP level 5. HP: 32/34 MP: 5/5
  2107 | D:3      | Reached skill level 5 in Fighting
  2107 | D:3      | Reached XP level 6. HP: 36/40 MP: 6/6
  2480 | D:4      | Noticed Eustachio
  2495 | D:4      | Killed Eustachio
  2827 | D:4      | Reached XP level 7. HP: 22/44 MP: 7/7
  3168 | D:4      | Noticed Robin
  3216 | D:4      | Killed Robin
  3427 | D:4      | Reached skill level 6 in Fighting
  3613 | D:5      | Entered Level 5 of the Dungeon
  3633 | D:4      | Reached skill level 5 in Maces & Flails
  3700 | D:5      | Reached skill level 5 in Armour
  3915 | D:5      | Reached skill level 5 in Shields
  3915 | D:5      | Reached XP level 8. HP: 48/52 MP: 8/8
  4186 | D:5      | Demolished by an ogre

Illustrated notes

Levels and vault maps discovered:
D:1:      kb_arrival_jail, layout_rooms
D:2:      layout_basic, minmay_misc_feat_alley, grunt_ministairs_1,
          minmay_splitting_lines, st_stairs_13,
          nicolae_concentric_dashed_squares_mild
D:3:      layout_loops_ring
D:4:      layout_loops_corners, uniq_eustachio, uniq_robin
D:5:      layout_basic, grunt_tough_drop

Skill      XL: |  1  2  3  4  5  6  7 |
---------------+----------------------+-----
Fighting       | 4 5 6 |  6.7
Maces & Flails | 3 4 5 |  5.6
Armour         | 4 5 |  5.2
Shields        | 4 5 |  5.1

Action                     |  1- 3 |  4- 6 |  7- 9 || total
---------------------------+-------+-------+-------++-------
  Melee: Flail             |   144 |   178 |   144 ||   466
  Throw: Dart              |       |     8 |     8 ||    16
         Javelin           |       |     1 |       ||     1
    Use: Potion            |       |     3 |       ||     3
 Armour: Scale mail        |    83 |   143 |   109 ||   335
  Dodge: Dodged            |    89 |    87 |    85 ||   261
  Block: Buckler           |    40 |    31 |    38 ||   109

Table legend: (Time is in decaauts)
 A = Elapsed time spent in this place.
 B = Non-inter-level travel time spent in this place.
 C = Inter-level travel time spent in this place.
 D = Time resting spent in this place.
 E = Time spent auto-exploring this place.
 F = Levels seen in this place.
 G = Mean time per level.
                   A        B        C        D        E       F      G
               +--------+--------+--------+--------+--------+-----+--------+
         Total |   4300 |   4170 |    130 |     59 |   3114 |   5 |  860.0 |
       Dungeon |   4300 |   4170 |    130 |     59 |   3114 |   5 |  860.0 |
               +--------+--------+--------+--------+--------+-----+--------+

Top non-repeatable levels by time:
     D:4: 1284 daAuts
     D:3: 971 daAuts
     D:2: 829 daAuts
     D:1: 707 daAuts
     D:5: 507 daAuts
